AoeStats
← Infadel

Arabia

508749735Analyzed
1v1 RM · 9d ago on Sep 23, 2026· 63m 27s· 2 players
Game mode
Random Map
Map size
Tiny (2 player)
Population
200
Speed
Normal
Resources
Standard
Victory
Conquest
Starting age
Dark Age
Ending age
Imperial Age
RankedLock teamsTeams togetherTeam positionsShared explorationLock speedFull tech treeHidden civsTurbo modeCheats
Victory
Defeat
🇮🇳 Saracens · India
1150
+16
🇦🇷 Berbers · Argentina
1149
-16
felix1997
6:45 Loom
8:56 Feudal Age
9:42 Double-Bit Axe
9:39 Horse Collar
14:49 Wheelbarrow
20:11 Castle Age
18:51 Gold Mining
19:27 Bloodlines
19:33 Fletching
19:44 Padded Archer Armor
21:18 Bow Saw
21:08 Heavy Plow
21:21 Bodkin Arrow
28:07 Stone Mining
38:09 Ballistics
41:17 Imperial Age
39:22 Husbandry
39:42 Leather Archer Armor
39:40 Masonry
41:12 Thumb Ring
43:19 Chemistry
42:29 Elite Genitour
45:33 Conscription
46:30 Hand Cart
49:36 Crop Rotation
50:02 Bracer
49:33 Light Cavalry
50:49 Scale Barding Armor
51:41 Forging
51:52 Chain Barding Armor
51:41 Hussar
52:55 Chain Barding Armor
58:29 Plate Barding Armor
58:30 Iron Casting
Infadel
7:00 Loom
9:19 Feudal Age
10:37 Double-Bit Axe
15:41 Forging
17:49 Scale Barding Armor
20:56 Castle Age
19:06 Fletching
21:14 Crossbowman
22:16 Bow Saw
22:51 Stone Mining
23:36 Padded Archer Armor
25:11 Wheelbarrow
25:29 Town Watch
27:48 Bodkin Arrow
29:22 Hand Cart
29:39 Gold Mining
33:58 Bloodlines
38:19 Imperial Age
35:58 Horse Collar
37:23 Leather Archer Armor
37:44 Iron Casting
37:14 Scale Barding Armor
38:45 Husbandry
40:03 Arbalester
41:41 Thumb Ring
42:47 Chemistry
42:40 Gold Shaft Mining
41:33 Light Cavalry
46:28 Ballistics
45:30 Hussar
52:01 Chain Barding Armor
52:41 Blast Furnace
57:11 Heavy Plow
58:34 Plate Barding Armor
57:59 Bracer
58:27 Elite Mameluke
60:12 Conscription
60:02 Bimaristan
61:38 Ring Archer Armor
63:23 Counterweights
Connection lost

Rejoining the realm…

Still unreachable

The connection could not be restored.

Session expired

The server has moved on; the page needs a fresh start.